 Dungeon Crawl Stone Soup version 0.26-a0-712-ga5a9c9c9d0 (webtiles) character file.

Game seed: 4221481094123325908

70 kae the Changer (level 4, 0/25 HPs)
             Began as a Tengu Transmuter on Nov 13, 2020.
             Slain by a goblin (5 damage)
             ... led by Robin
             ... on level 2 of the Dungeon.
             The game lasted 00:00:33 (1837 turns).

kae the Changer (Tengu Transmuter)                  Turns: 1837, Time: 00:00:33

Health: 0/25       AC:  2    Str: 12    XL:     4   Next: 22%
Magic:  8/8        EV: 12    Int: 13    God:
Gold:   97         SH:  0    Dex: 14    Spells: 3/7 levels left

rFire    . . .     SeeInvis .     - Unarmed
rCold    . . .     Faith    .   (no shield)
rNeg     . . .     Spirit   .   a - +0 robe
rPois    .         Reflect  .   (helmet restricted)
rElec    .         Harm     .   (no cloak)
rCorr    .         Rampage  .   (no gloves)
MR       .....                  (boots unavailable)
Stlth    +.........             (no amulet)
HPRegen  0.08/turn              (no ring)
MPRegen  0.11/turn              (no ring)

@: brilliant
A: beak, talons 3
a: no special abilities


You were on level 2 of the Dungeon.
You visited 1 branch of the dungeon, and saw 2 of its levels.

You collected 97 gold pieces.

Inventory:

Armour
 a - a +0 robe (worn)
Scrolls
 e - a scroll of remove curse {unknown}
Potions
 c - a potion of experience
 g - a potion of might {unknown}
 h - a potion of curing {unknown}


   Skills:
 - Level 1.0 Fighting
 - Level 2.1 Dodging
 + Level 7.6 Unarmed Combat
 - Level 2.0 Spellcasting
 * Level 7.7 Transmutations


You had 3 spell levels left.
You knew the following spells:

 Your Spells              Type           Power        Failure   Level
a - Beastly Appendage     Tmut           ####..       1%          1
b - Spider Form           Tmut/Pois      ###.......   16%         3

Your spell library contained the following spells:

 Spells                   Type           Power        Failure   Level
 Wereblood                Tmut           ####....     1%          2
 Blade Hands              Tmut           ####......   30%         5
 Ice Form                 Ice/Tmut       ###.....     45%         4


Dungeon Overview and Level Annotations

Branches:
Dungeon (2/15)

Altars:

Annotations:
D:2 Robin


Innate Abilities, Weirdness & Mutations

You have a beak for a mouth.
You have claws for feet.


Message History

You have reached level 4!
You feel stronger. The goblin hits you. The goblin barely misses you.
The hobgoblin hits you.
Unknown command.
As you read the scroll labeled RUMPAU KAURCHIFUUT, it crumbles to dust.
It is a scroll of enchant weapon.
You aren't carrying any weapons that can be enchanted.
The goblin barely misses you. x2; The hobgoblin hits you.
Robin roars a battlecry!
The goblins go into a battle-frenzy!
As you read the scroll labeled HADUZEO NUZI, it crumbles to dust.
The scroll dissolves into smoke.
It was a scroll of fog.
The goblin misses you. The goblin closely misses you. The hobgoblin hits you.
Robin hits you with a +0 falchion.
* * * LOW HITPOINT WARNING * * *
Unknown command.
It was a potion of brilliance.
You feel clever all of a sudden. The goblin barely misses you.
The goblin hits you.
You die...

### #... #... #+##
#... #...# #.##
#...# #..## #g...#
##...####ggg..#
#.....§g@ggg..#
#####...####gg[..#
#......## #g...#
#.....## #...#
#......# #.[.#
#.....## #+##
#.....# #####.###
#.......##


You could see Robin, 2 hobgoblins and 6 goblins.

Vanquished Creatures
  An ooze (D:1)
  A dart slug (D:1)
  2 leopard geckos (D:1)
  2 ball pythons (D:1)
  4 bats (D:1)
  A giant cockroach (D:2)
  2 goblins (D:1)
  3 hobgoblins (D:1)
  2 frilled lizards (D:1)
  A kobold (D:1)
  3 rats (D:1)
22 creatures vanquished.

Notes
Turn   | Place    | Note
-------+----------+-------------------------------------------
     0 | D:1      | kae the Tengu Transmuter began the quest for the Orb.
     0 | D:1      | Reached XP level 1. HP: 12/12 MP: 4/4
   534 | D:1      | Reached XP level 2. HP: 16/16 MP: 4/6
  1136 | D:1      | Reached XP level 3. HP: 20/20 MP: 7/7
  1141 | D:1      | Learned a level 3 spell: Spider Form
  1831 | D:2      | Noticed Robin
  1834 | D:2      | Reached XP level 4. HP: 20/25 MP: 8/8
  1837 | D:2      | Slain by a goblin

Illustrated notes

Levels and vault maps discovered:
D:1:      dpeg_arrival_circle_labyrinth_c, layout_loops_corners
D:2:      layout_loops_corners, lemuel_coloured_pillars_altar,
          serial_park_tiny_1, uniq_robin

Skill      XL: |  1  2  3 |
---------------+----------+-----
Transmutations | 2 7 |  7.7
Unarmed Combat | 7 |  7.6
Fighting       | |  1.0
Dodging        | |  2.1
Spellcasting   | |  2.0

Action                   |  1- 3 |  4- 6 || total
-------------------------+-------+-------++-------
Melee: Unarmed           |    51 |       ||    51
       Kick              |     8 |       ||     8
       Peck              |     9 |       ||     9
       Headbutt          |     1 |       ||     1
       Punch             |     1 |       ||     1
 Cast: Beastly Appendage |     9 |       ||     9
  Use: Potion            |     1 |     1 ||     2
       Scroll            |       |     2 ||     2
Armor: Robe              |    12 |       ||    12
Dodge: Dodged            |    29 |     6 ||    35

Table legend: (Time is in decaauts)
 A = Elapsed time spent in this place.
 B = Non-inter-level travel time spent in this place.
 C = Inter-level travel time spent in this place.
 D = Time resting spent in this place.
 E = Time spent auto-exploring this place.
 F = Levels seen in this place.
 G = Mean time per level.
                   A        B        C        D        E       F      G
               +--------+--------+--------+--------+--------+-----+--------+
         Total |   1833 |   1738 |     95 |      0 |   1599 |   2 |  916.5 |
       Dungeon |   1833 |   1738 |     95 |      0 |   1599 |   2 |  916.5 |
               +--------+--------+--------+--------+--------+-----+--------+

Top non-repeatable levels by time:
     D:1: 1735 daAuts
     D:2: 97 daAuts
